Map: New Repugnancy LE

Players

MfcGuru

  • Race: Terran Terran
  • League: Platinum
  • Spawn Location: 7:00

Taku - Winner!

  • Race: Protoss Protoss
  • League: Gold
  • Spawn Location: 1:00

VOD

Have the link to the VOD?

Description

takuanが勝ったやつ

Time

  • Played on: May 9, 2019, 2:54 p.m.
  • Length: 12:01
Show
View Real Time Build Order
Export as new Build Order

MfcGuru Terran 

Build Orders: Gas First Reaper Expand 

Get SALT Encoding   

  12  0:02  SCV  
  14  0:14  SCV  
  14  0:18  Supply Depot  
  14  0:26  SCV  
  15  0:30  Refinery  
  15  0:42  Barracks  
  15  0:45  SCV  
  16  0:57  SCV  
  17  1:10  SCV  
  18  1:22  SCV  
  19  1:33  Reaper  
  20  1:46  Command Center  
  20  1:56  Orbital Command  
  20  2:00  Factory  
  20  2:17  Barracks Reactor  
  20  2:20  Supply Depot  
  20  2:24  SCV  
  20  2:29  Refinery  
  21  2:36  SCV  
  22  2:48  SCV  
  22  2:49  Bunker  
  22  2:50  Widow Mine  
  25  2:54  Marine x2  
  27  3:00  Starport  
  27  3:01  SCV  
  28  3:08  Orbital Command  
  27  3:25  SCV  
  28  3:29  Widow Mine  
  28  3:31  Marine x2  
  32  3:36  SCV  
  32  3:37  SCV  
  34  3:42  Supply Depot  
  34  3:44  Starport Tech Lab  
  34  3:48  SCV  
  35  3:49  Marine  
  35  3:55  Factory Tech Lab  
  36  3:57  SCV  
  36  4:00  SCV  
  38  4:09  SCV  
  39  4:12  SCV  
  43  4:17  Siege Tank, Barracks  
  43  4:18  Barracks, Raven  
  43  4:21  SCV  
  43  4:23  Refinery  
  46  4:25  Refinery  
  46  4:33  Engineering Bay  
  46  4:42  Marine x2  
  46  4:44  SCV x2  
  50  4:56  SCV x2  
  52  5:06  Viking  
  54  5:08  Barracks Tech Lab x2  
  54  5:13  Supply Depot  
  54  5:16  Terran Infantry Weapons Level 1  
  54  5:25  SCV  
  54  5:27  SCV  
  54  5:37  SCV  
  54  5:39  SCV  
  56  5:46  Marauder x2  
  60  5:52  Supply Depot  
  60  5:56  Supply Depot  
  60  5:57  SCV  
  60  5:58  SCV  
  62  6:14  Marauder x2, Siege Tank  
  62  6:16  Supply Depot x2  
  69  6:19  Supply Depot  
  69  6:41  Barracks Tech Lab x2  
  69  6:46  Widow Mine  
  71  6:53  Marine x2  
  73  7:04  Combat Shield, Stimpack  
  73  7:06  Command Center  
  73  7:08  Widow Mine  
  75  7:09  Barracks  
  75  7:10  Barracks  
  75  7:11  Marine x2  
  75  7:13  Barracks  
  77  7:19  Marauder x2  
  81  7:26  Medivac  
  81  7:28  Marine  
  81  7:29  Widow Mine, Marine  
  87  7:40  Marauder, Marine  
  90  7:45  Terran Infantry Armor Level 1  
  90  7:46  Marine x2  
  90  7:50  Armory, Engineering Bay  
  92  7:56  Marine  
  92  7:57  Marine  
  92  7:58  Marine  
  94  8:02  Marauder  
  94  8:04  Marine x2  
  97  8:05  Supply Depot  
  97  8:09  Barracks Tech Lab  
  97  8:16  Marauder  
  99  8:22  Concussive Shells  
  99  8:23  Marauder  
  101  8:38  Marauder  
  101  8:41  SCV x2  
  104  8:45  Marauder  
  104  8:46  Marine x4  
  111  8:53  SCV x2  
  113  8:59  Marauder  
  114  9:04  Marine x4  
  114  9:05  SCV x2  
  114  9:06  Marauder  
  114  9:08  Refinery  
  121  9:17  SCV x2  
  121  9:20  Marauder  
  125  10:08  SCV, Marauder, Marine  
  125  10:09  Marine x2  
  125  10:14  Liberator  
  125  10:28  SCV, Marine x2  
  125  10:29  SCV, Marauder, Marine x2  
  125  10:30  Marauder  
  115  10:40  SCV  
  115  10:41  SCV  
  88  10:46  Marine  
  89  10:51  Marauder x2  
  89  10:52  SCV  
  89  10:53  Orbital Command, SCV  
  93  10:57  Refinery, Liberator  
  93  10:58  Siege Tank  
  96  11:04  SCV  
  96  11:05  SCV  
  98  11:12  Marauder  
  98  11:13  Marauder  
  98  11:17  SCV  
  106  11:19  Starport  
  106  11:22  Starport  
  106  11:26  Fusion Core  
  106  11:28  Barracks Tech Lab x2  
  109  11:34  Marauder x2  
Show
View Real Time Build Order
Export as new Build Order

Taku Protoss - Winner!

Build Orders: 1 Gate Expand, Blink Stalkers 

Get SALT Encoding   

  12  0:02  Probe  
  13  0:14  Probe  
  13  0:19  Pylon  
  14  0:25  Probe  
  15  0:33  Probe  
  15  0:39  Gateway  
  15  0:42  Probe  
  17  0:51  Assimilator  
  17  0:57  Probe  
  18  1:09  Probe  
  19  1:19  Probe  
  20  1:27  Nexus  
  20  1:41  Cybernetics Core  
  20  1:49  Assimilator  
  20  1:50  Pylon  
  20  2:02  Probe  
  20  2:08  Adept  
  21  2:14  Probe  
  22  2:19  Warp Gate  
  24  2:26  Probe, Gateway  
  25  2:38  Probe  
  25  2:39  Stalker  
  28  2:44  Probe  
  28  2:50  Probe  
  30  2:51  Twilight Council  
  30  2:54  Pylon  
  30  2:57  Probe  
  30  3:03  Probe  
  30  3:05  Probe  
  32  3:11  Stalker  
  35  3:23  Blink  
  35  3:26  Probe  
  37  3:27  Probe  
  35  3:37  Sentry  
  35  3:38  Probe  
  35  3:39  Probe  
  39  3:46  Gateway  
  39  3:50  Probe  
  39  3:51  Probe  
  39  3:52  Pylon  
  41  3:58  Pylon  
  41  3:59  Probe  
  41  4:02  Probe  
  43  4:13  Robotics Facility  
  43  4:16  Pylon  
  43  4:20  Probe  
  43  4:21  Probe, Gateway  
  43  4:22  Stalker  
  43  4:23  Stalker  
  49  4:36  Assimilator  
  49  4:37  Probe x2  
  51  4:41  Assimilator  
  51  4:47  Pylon  
  51  4:49  Forge  
  51  4:50  Stalker x2  
  55  4:58  Observer  
  55  4:59  Probe  
  56  5:00  Probe  
  58  5:16  Pylon  
  58  5:21  Charge, Probe x2, Gateway  
  60  5:24  Gateway  
  58  5:37  Stalker  
  58  5:38  Stalker  
  58  5:42  Warp Prism  
  64  5:58  Nexus  
  64  5:59  Pylon  
  64  6:04  Probe  
  65  6:05  Probe  
  65  6:09  Protoss Ground Weapons Level 1  
  65  6:10  Robotics Bay  
  66  6:18  Immortal  
  66  6:20  Observer  
  66  6:53  Probe x2  
  68  6:56  Stalker x2  
  68  6:58  Zealot x2  
  68  6:59  Zealot x2  
  80  7:05  Observer, Probe  
  80  7:06  Extended Thermal Lance  
  82  7:10  Colossus  
  82  7:15  Probe  
  82  7:16  Probe  
  82  7:18  Shield Battery  
  82  7:20  Probe  
  85  7:28  Probe x2  
  93  7:41  Probe x2  
  95  7:47  Templar Archives  
  95  7:51  Gateway  
  95  7:52  Gateway  
  95  7:54  Pylon  
  95  7:57  Pylon  
  95  7:59  Observer  
  95  8:03  Protoss Ground Armor Level 1  
  95  8:04  Pylon  
  95  8:05  Probe  
  95  8:06  Probe  
  95  8:12  Robotics Facility  
  98  8:16  Probe  
  98  8:17  Probe  
  100  8:20  Assimilator  
  100  8:23  Assimilator  
  100  8:28  Pylon  
  100  8:30  Pylon  
  100  8:32  Gateway  
  99  8:34  Gateway  
  99  8:43  Nexus  
  99  8:44  Pylon  
  99  8:46  Psionic Storm  
  99  8:47  Probe x2, Pylon  
  101  8:51  Probe  
  102  8:56  Colossus  
  102  8:59  Probe  
  105  9:10  Zealot x2  
  105  9:11  Zealot x3, Stalker x3  
  115  9:33  Zealot x2  
  115  9:34  High Templar x4  
  115  9:35  Zealot x2, High Templar x2  
  134  9:44  Immortal  
  138  10:01  Zealot x3  
  138  10:02  Zealot  
  145  10:12  Zealot x6  
  151  10:27  Shield Battery  
  151  10:30  Shield Battery  
  135  10:42  Zealot x8  
  141  10:58  Zealot x2  
  141  11:04  Assimilator  
  145  11:06  Assimilator  
  157  11:20  Nexus  
  157  11:21  Assimilator x2  
  157  11:29  Pylon  
  157  11:30  Pylon  
  157  11:32  Pylon  
  157  11:34  Pylon  
Tags
 
Add a new tag
Caveats
  • Supply blocks, unpowered buildings, or Contaminate may cause inaccurate times.
  • Supply counts are checked every 10 seconds.